 Dungeon Crawl Stone Soup version 0.31.0-32-g396128a36d (webtiles) character file.

Game seed: 7994054443462503990

8167 PaiMei the Merchant of Misery (level 11, -2/87 HPs)
             Began as a Demonspawn Necromancer on Mar 28, 2024.
             Was a Believer of Kikubaaqudgha.
             Slain by a red ugly thing (9 damage)
             ... on level 11 of the Dungeon.
             The game lasted 00:18:39 (14374 turns).

PaiMei the Merchant of Misery (DsNe)               Turns: 14374, Time: 00:18:40

Health: -2/87      AC:  4    Str: 16    XL:     11   Next: 6%
Magic:  4/23       EV: 15    Int: 20    God:    Kikubaaqudgha [**....]
Gold:   560        SH:  6    Dex: 19    Spells: 7/26 levels left

rFire   + . .        k - +9 spear "Luxtom" {venom, Str+7}
rCold   . . .        y - +2 buckler
rNeg    . . .        E - +0 leather armour
rPois   .            (no helmet)
rElec   .            (no cloak)
rCorr   .            u - +0 pair of gloves
SInv    .            (no boots)
Will    .....        (no amulet)
Stlth   +++++        m - ring of protection from fire
HPRegen 0.34/turn    K - +4 ring of slaying
MPRegen 0.18/turn

%: no passive effects
@: no status effects
A: thin skeletal structure 3, foul stench 1, weakness stinger 2
a: Renounce Religion, Unearth Wretches


You were on level 11 of the Dungeon.
You worshipped Kikubaaqudgha.
Kikubaaqudgha was pleased with you.
You visited 2 branches of the dungeon, and saw 12 of its levels.

You collected 560 gold pieces.

Inventory:

Hand Weapons
 k - the +9 spear "Luxtom" (weapon) {venom, Str+7}
   (You found it on level 2 of the Dungeon)

   Str+7:     It affects your strength (+7).
 B - the +4 quarterstaff of Change {flame, rF++ rCorr Str-3}
   (You found it on level 5 of the Dungeon)

   Str-3:     It affects your strength (-3).
   rF++:      It greatly protects you from fire.
   rCorr:     It protects you from acid and corrosion.
Missiles
 c - 5 throwing nets
 x - 13 poisoned darts
Armour
 u - a +0 pair of gloves (worn)
 y - a +2 buckler (worn)
 z - a +0 ring mail of fire resistance
 E - a +0 leather armour (worn)
 Q - a scarf of harm
Jewellery
 l - a +6 ring of strength
 m - a ring of protection from fire (left hand)
 H - a ring of positive energy
 K - a +4 ring of slaying (right hand)
Wands
 f - a wand of polymorph (12)
 n - a wand of iceblast (13)
 r - a wand of mindburst (16)
 I - a wand of digging (5)
 M - a wand of light (2)
 N - a wand of charming (3)
 O - a wand of flame (11)
Scrolls
 j - 5 scrolls of teleportation
 o - 4 scrolls of vulnerability {unknown}
 q - 2 scrolls of blinking {unknown}
 s - 2 scrolls of enchant weapon {unknown}
 w - 2 scrolls of immolation {unknown}
 A - 2 scrolls of fog {unknown}
 C - a scroll of brand weapon {unknown}
 D - 4 scrolls of enchant armour {unknown}
 J - a scroll of acquirement {unknown}
 L - a scroll of poison {unknown}
 R - a scroll of identify
Potions
 a - 2 potions of enlightenment {unknown}
 b - 3 potions of magic
 d - 3 potions of lignification
 e - 3 potions of curing
 g - 2 potions of ambrosia {unknown}
 h - 3 potions of attraction
 i - 2 potions of haste {unknown}
 p - 2 potions of heal wounds {unknown}
 t - a potion of resistance {unknown}
 v - 3 potions of brilliance {unknown}
 F - a potion of berserk rage {unknown}
 G - 2 potions of mutation {unknown}
 S - a potion of degeneration {unknown}
Miscellaneous
 P - a lightning rod (4/4)


   Skills:
 + Level 8.5 Fighting
 + Level 5.2 Polearms
 - Level 6.0 Dodging
 - Level 2.0 Stealth
 + Level 8.1 Spellcasting
 + Level 10.4 Necromancy


You had 7 spell levels left.
You knew the following spells:

 Your Spells              Type           Power      Damage    Failure   Level
a - Necrotise             Necr           100%       1d9       1%          1
b - Vampiric Draining     Necr           49%        2d9       1%          3
c - Animate Dead          Necr           49%        N/A       1%          4
d - Curse of Agony        Necr           49%        N/A       5%          5
e - Dispel Undead         Necr           49%        3d18      1%          4
f - Sublimation of Blood  Necr           49%        N/A       1%          2

Your spell library contained the following spells:

 Spells                   Type           Power      Damage    Failure   Level
 Kiss of Death            Conj/Necr      100%       2d13      1%          1
 Fugue of the Fallen      Necr           49%        N/A       1%          3
 Cigotuvi's Dreadful Rot  Necr/Alch/Air  44%        N/A       4%          2
 Anguish                  Hex/Necr       14%        N/A       16%         4
 Martyr's Knell           Necr/Summ      29%        N/A       16%         4
 Death Channel            Necr           24%        N/A       30%         6
 Call Canine Familiar     Summ           8%         N/A       38%         3
 Sigil of Binding         Hex            8%         N/A       38%         3
 Animate Armour           Summ/Erth      16%        N/A       80%         4
 Cause Fear               Hex            4%         N/A       80%         4
 Dimensional Bullseye     Hex/Tloc       4%         N/A       80%         4
 Summon Lightning Spire   Summ/Air       8%         N/A       80%         4
 Lee's Rapid Deconstruct  Erth           4%         3d5*      98%         5
 Enfeeble                 Hex            4%         N/A       100%        7


Dungeon Overview and Level Annotations

Branches:
Dungeon (11/15)            Temple (1/1) D:6            Lair (0/5) D:11
    Orc: D:9-12

Altars:
Ashenzari
Cheibriados
Dithmenos
Fedhas
Gozag
Hepliaklqana
Kikubaaqudgha
Makhleb
Nemelex Xobeh
Okawaru
Qazlal
Ru
Sif Muna
Trog
Uskayaw
Vehumet
Wu Jian
Xom
Yredelemnul

Annotations:
D:5 3 runed translucent doors, tdove's ghost, novice OpFi
D:6 Menkaure
D:10 Snorg


Innate Abilities, Weirdness & Mutations

You have an unnaturally thin skeletal structure. (Dex +6, Stealth+++)
You may rarely emit foul miasma when damaged in melee.
You have a tail ending in a sharp stinger.


Message History

Aiming: Vampiric Draining (safe; 1% risk of failure)
Press: ? - help, Shift-Dir - straight line, f/p - red ugly thing
Aim: a red ugly thing (lightly wounded, cursed with the promise of agony)
You draw life force from the red ugly thing.
You feel life coursing into your body. The red ugly thing misses you.
Casting: Vampiric Draining (safe; 1% risk of failure)
Confirm with . or Enter, or press ? or * to list all spells.
Aiming: Vampiric Draining (safe; 1% risk of failure)
Press: ? - help, Shift-Dir - straight line, f/p - red ugly thing
Aim: a red ugly thing (moderately wounded, cursed with the promise of agony)
You draw life force from the red ugly thing.
You feel life coursing into your body. The red ugly thing stings you!
* * * LOW HITPOINT WARNING * * *
You are engulfed in flames!
You resist.
* * * LOW HITPOINT WARNING * * *
Casting: Vampiric Draining (safe; 1% risk of failure)
Confirm with . or Enter, or press ? or * to list all spells.
Aiming: Vampiric Draining (safe; 1% risk of failure)
Press: ? - help, Shift-Dir - straight line, f/p - red ugly thing
Aim: a red ugly thing (moderately wounded, cursed with the promise of agony)
You draw life force from the red ugly thing!
You feel life coursing into your body! The red ugly thing stings you!
* * * LOW HITPOINT WARNING * * *
You are engulfed in flames.
You resist.
* * * LOW HITPOINT WARNING * * *
You emit a cloud of foul miasma!
Casting: Vampiric Draining (safe; 1% risk of failure)
Confirm with . or Enter, or press ? or * to list all spells.
Aiming: Vampiric Draining (safe; 1% risk of failure)
Press: ? - help, Shift-Dir - straight line, f/p - red ugly thing
Aim: a red ugly thing (foul pestilence, heavily wounded, cursed with the promise of agony)
You draw life force from the red ugly thing!
You feel life coursing into your body!
The red ugly thing is engulfed in dark miasma.
The red ugly thing is poisoned.
The red ugly thing seems to slow down.
The red ugly thing stings you!
* * * LOW HITPOINT WARNING * * *
You are engulfed in flames!
You resist.
You die...
Kikubaaqudgha rasps: "You have failed me!
Welcome... death!"

#......#..............#.##.
####.....##................##.
...........#..########.#....##.
#####..#...#..# #.##.#.##.
#..#...#..# ######'##.#.##.
#..#......# #.......#.#....
###..#...#..###.......#.####.
#.............#.......#.####.
###.......u@................
.........P....#.####.##.#####
.............................
..P......P..♣..<...##.#.##.##
...♣...!....P..P...##.#.##.#
...♣.....P...P.....##...##.## #
.P..P.>.♣...P..#.##...##...
..P.........PP............#
.P.P.........>..#......


You could see a red ugly thing (poisoned, slow, agonized).

Vanquished Creatures
  Joseph (D:10)
  A troll (D:11)
  2 raiju (D:10)
  2 shadows (D:11)
  A wyvern (D:10)
  A basilisk (D:11)
  2 wraiths
  8 yaks
  Grum (D:8)
  3 steam dragons
  2 vampire mosquitoes (D:11)
  A water moccasin (D:10)
  2 acid dragons
  Duvessa (D:5)
  3 ice beasts
  3 orc warriors
  3 black bears
  4 wolves
  A centaur (D:9)
  A kobold brigand (D:10)
  A bullfrog (D:6)
  A scorpion (D:5)
  19 wights
  Dowan (D:5)
  2 electric eels (D:10)
  2 bombardier beetles (D:4)
  A jelly (D:5)
  3 hounds
  A gnoll bouda (D:7)
  7 orc priests
  9 iguanas
  Ijyb (D:3)
  15 orc wizards
  A sleepcap (D:6)
  12 gnolls
  6 adders
  3 shadow imps
  2 white imps
  5 dart slugs
  2 ribbon worms (D:2)
  40 orcs
  3 ball pythons
  3 endoplasms
  3 giant cockroaches
  9 goblins
  5 hobgoblins
  6 jackals
  8 kobolds
  A quokka (D:4)
  8 bats
  5 frilled lizards
  8 rats
236 creatures vanquished.

Vanquished Creatures (collateral kills)
  A gnoll (D:7)
  A bat (D:1)
2 creatures vanquished.

Vanquished Creatures (others)
  2 kobolds (D:10)
2 creatures vanquished.

Grand Total: 240 creatures vanquished

Notes
Turn   | Place    | Note
-------+----------+-------------------------------------------
     0 | D:1      | PaiMei the Demonspawn Necromancer began the quest for the
                  | Orb.
     0 | D:1      | Reached XP level 1. HP: 13/13 MP: 3/3
    84 | D:1      | Gained mutation: You have a somewhat thin skeletal
                  | structure. (Dex +2, Stealth+) [demonic ancestry]
    84 | D:1      | Reached XP level 2. HP: 19/19 MP: 3/5
   697 | D:1      | Gained mutation: You have a small tail. [demonic ancestry]
   697 | D:1      | Reached XP level 3. HP: 25/25 MP: 3/6
   701 | D:1      | Learned a level 3 spell: Vampiric Draining
   912 | D:2      | Reached skill level 1 in Fighting
  1296 | D:2      | Identified the +9 spear "Luxtom" {venom, Str+7}
  2072 | D:3      | Found an iron altar of Okawaru.
  2177 | D:3      | Found a broken altar of Ashenzari.
  2178 | D:3      | Noticed Ijyb
  2194 | D:3      | Killed Ijyb
  2195 | D:3      | Reached skill level 5 in Necromancy
  2195 | D:3      | Reached XP level 4. HP: 23/33 MP: 3/7
  2390 | D:3      | Found a hazy altar of Hepliaklqana.
  2622 | D:3      | Found a faded altar of an unknown god.
  2649 | D:3      | Found a sacrificial altar of Ru.
  3074 | D:4      | Reached XP level 5. HP: 38/38 MP: 4/9
  3079 | D:4      | Learned a level 4 spell: Animate Dead
  3429 | D:4      | Found an opulent altar of Gozag.
  3594 | D:4      | Gained mutation: You have a tail ending in a sharp stinger.
                  | [demonic ancestry]
  3594 | D:4      | Reached XP level 6. HP: 46/46 MP: 3/10
  3727 | D:5      | Entered Level 5 of the Dungeon
  3741 | D:5      | Identified the +4 quarterstaff of Change {flame, rF++ rCorr
                  | Str-3}
  3768 | D:5      | Found a runed translucent gate.
  3769 | D:5      | Found a runed translucent gate.
  3771 | D:5      | Noticed tdove's ghost (novice OpFi)
  3774 | D:5      | Found a runed translucent gate.
  3958 | D:5      | Noticed an ice beast
  3968 | D:5      | Killed an ice beast
  4345 | D:5      | Reached skill level 6 in Necromancy
  4345 | D:5      | Reached XP level 7. HP: 9/52 MP: 1/12
  5129 | D:5      | Noticed Duvessa
  5129 | D:5      | Noticed Dowan
  5133 | D:5      | Killed Duvessa
  5138 | D:5      | Killed Dowan
  5508 | D:6      | Noticed a steam dragon
  5772 | D:6      | Gained mutation: You may rarely emit foul miasma when
                  | damaged in melee. [demonic ancestry]
  5772 | D:6      | Reached XP level 8. HP: 60/61 MP: 4/14
  6064 | D:6      | Reached skill level 7 in Necromancy
  6337 | D:6      | Reached skill level 5 in Spellcasting
  6428 | D:6      | Noticed Menkaure
  6484 | D:6      | Reached skill level 5 in Dodging
  6546 | D:6      | Found a staircase to the Ecumenical Temple.
  6555 | Temple   | Entered the Ecumenical Temple
  6572 | Temple   | Became a worshipper of Kikubaaqudgha
  6680 | D:7      | Reached skill level 5 in Fighting
  7178 | D:7      | Found a stormy altar of Qazlal.
  7563 | D:7      | Found a blossoming altar of Fedhas.
  7568 | D:7      | Found an ornate altar of the Wu Jian Council.
  7825 | D:7      | Learned a level 5 spell: Curse of Agony
  7830 | D:7      | Learned a level 4 spell: Dispel Undead
  8091 | D:7      | Reached XP level 9. HP: 60/69 MP: 0/17
  8874 | D:8      | Noticed Grum
  8883 | D:8      | Reached skill level 8 in Necromancy
  9306 | D:8      | Killed Grum
  9419 | D:8      | Reached * piety under Kikubaaqudgha
  9419 | D:8      | Received a gift from Kikubaaqudgha
  9583 | D:8      | Reached skill level 1 in Polearms
 10211 | D:8      | Found a snail-covered altar of Cheibriados.
 10318 | D:8      | Learned a level 2 spell: Sublimation of Blood
 10496 | D:9      | Reached skill level 9 in Necromancy
 10754 | D:9      | Gained mutation: You have a moderately thin skeletal
                  | structure. (Dex +4, Stealth++) [demonic ancestry]
 10754 | D:9      | Reached XP level 10. HP: 76/79 MP: 13/20
 11456 | D:10     | Entered Level 10 of the Dungeon
 11802 | D:10     | Noticed Joseph
 11886 | D:10     | Reached ** piety under Kikubaaqudgha
 12372 | D:10     | Noticed Snorg
 12957 | D:10     | Killed Joseph
 13181 | D:11     | Found a staircase to the Lair.
 13374 | D:11     | Reached skill level 10 in Necromancy
 13977 | D:11     | Reached skill level 5 in Polearms
 14076 | D:11     | Gained mutation: You have an unnaturally thin skeletal
                  | structure. (Dex +6, Stealth+++) [demonic ancestry]
 14076 | D:11     | Reached XP level 11. HP: 73/87 MP: 9/23
 14086 | D:11     | Noticed a death knight
 14363 | D:11     | Noticed a red ugly thing
 14374 | D:11     | Slain by a red ugly thing

Illustrated notes

Levels and vault maps discovered:
D:1:      minmay_arrival_radiant_lines, layout_rooms
D:2:      layout_loops_corners, minmay_misc_feat_chi
D:3:      layout_loops_ring, evilmike_ruin_ashenzari,
          kennysheep_okawaru_gauntlet, nicolae_ru_awakened_eye,
          nicolae_hepliaklqana_hazy_memory,
          shapermc_ecumenical_altar_mp_ritualfount, minmay_misc_feat_room,
          uniq_ijyb
D:4:      layout_rooms, nicolae_gozag_seed_capital
D:5:      layout_loops_ring, ebering_ghost_rock_garden, uniq_duvessa
D:6:      layout_loops_ring, temple_hall, uniq_menkaure
D:7:      layout_layer_cave, mainiacjoe_overflow_big_doors, old_standard_altar
D:8:      layout_loops_cross, serial_glass, glass_columns_b, glass_columns_b,
          feat_on_display, item_on_display_a, hangedman_feature_mirror,
          uniq_grum
D:9:      layout_roguey, kennysheep_nondescript
D:10:     layout_roguey, nicolae_have_a_lightning_rod, uniq_snorg, uniq_joseph
D:11:     layout_basic, minmay_lair_entry_grove, hiddenorc1_lemuel,
          minmay_microvault
Temple:   zaba_magenta_temple

Skill      XL: |  1  2  3  4  5  6  7  8  9 10 |
---------------+-------------------------------+-----
Stealth        | 2 |  2.0
Dodging        | 2 3 4 5 6 |  6.0
Fighting       | 1 2 3 4 5 7 8 |  8.5
Necromancy     | 5 6 7 9 10 | 10.4
Spellcasting   | 3 4 5 6 8 |  8.1
Polearms       | 2 5 |  5.2

Action                     |  1- 3 |  4- 6 |  7- 9 | 10-12 || total
---------------------------+-------+-------+-------+-------++-------
  Melee: Unarmed           |     9 |       |       |       ||     9
         Punch             |     2 |       |       |       ||     2
         Short sword       |     7 |       |       |       ||     7
         Spear             |     8 |    40 |    93 |    65 ||   206
         Tailslap          |     1 |     3 |    18 |     9 ||    31
   Cast: Necrotise         |    71 |    49 |    88 |    19 ||   227
         Vampiric Draining |     1 |    12 |    61 |    49 ||   123
         Dispel Undead     |       |       |    15 |    13 ||    28
         Curse of Agony    |       |       |       |     4 ||     4
  Evoke: Wand              |       |       |     1 |       ||     1
    Use: Scroll            |       |       |       |     5 ||     5
   Stab: Sleeping          |       |       |     1 |     2 ||     3
 Armour: Robe              |    13 |    43 |    16 |       ||    72
         Leather armour    |       |       |    94 |   146 ||   240
  Dodge: Dodged            |    17 |    46 |   115 |    79 ||   257
  Block: Buckler           |       |     8 |    40 |    31 ||    79
